 Dungeon Crawl Stone Soup version 0.31-a0-175-g9f7f995f2b (webtiles) character file.

Game seed: 8212767276630772834

1201 Moral the Thaumaturge (level 8, -3/52 HPs)
             Began as a Mummy Necromancer on June 16, 2023.
             Was an Initiate of Kikubaaqudgha.
             Slain by an iguana (6 damage)
             ... on level 6 of the Dungeon.
             The game lasted 00:21:58 (6222 turns).

Moral the Thaumaturge (Mummy Necromancer)           Turns: 6222, Time: 00:22:00

Health: -3/52      AC:  2    Str: 11    XL:     8   Next: 21%
Magic:  0/20       EV: 12    Int: 17    God:    Kikubaaqudgha [......]
Gold:   267        SH:  0    Dex: 12    Spells: 11/24 levels left

rFire   x . .        e - +2 dagger (venom)
rCold   + . .        (no shield)
rNeg    + + +        a - +0 robe
rPois   ∞            (no helmet)
rElec   .            (no cloak)
rCorr   .            (no gloves)
SInv    .            (no boots)
Will    +....        (no amulet)
Stlth   ++           (no ring)
HPRegen 0.28/turn    (no ring)
MPRegen 0.17/turn

%: faith
@: no status effects
A: cold resistance 1, negative energy resistance 3, torment resistance 2, heat
vulnerability 1, in touch with death 1, no potions, faith
a: Renounce Religion


You were on level 6 of the Dungeon.
You worshipped Kikubaaqudgha.
Kikubaaqudgha was noncommittal.
You visited 1 branch of the dungeon, and saw 5 of its levels.
You also visited: Sewer.

You collected 267 gold pieces.

Inventory:

Hand Weapons
 e - a +2 dagger of venom (weapon)
Missiles
 c - 2 throwing nets
Armour
 a - a +0 robe (worn)
Jewellery
 f - an amulet of the acrobat
Wands
 i - a wand of mindburst (14)
Scrolls
 b - 3 scrolls of identify
 d - a scroll of enchant armour


   Skills:
 - Level 1.5 Dodging
 - Level 1.5 Stealth
 * Level 8.5 Spellcasting
 * Level 7.9 Necromancy
 + Level 1.6 Evocations


You had 11 spell levels left.
You knew the following spells:

 Your Spells              Type           Power      Damage    Failure   Level
a - Necrotise             Necr           100%       1d9       1%          1
b - Vampiric Draining     Necr           50%        2d9       1%          3
c - Animate Dead          Necr           50%        N/A       3%          4
d - Agony                 Necr           50%        N/A       11%         5

Your spell library contained the following spells:

 Spells                   Type           Power      Damage    Failure   Level
 Kiss of Death            Conj/Necr      100%       2d13      1%          1
 Cigotuvi's Dreadful Rot  Necr/Pois/Air  48%        N/A       4%          2
 Blink                    Tloc           14%        N/A       16%         2
 Lesser Beckoning         Tloc           14%        N/A       16%         2
 Momentum Strike          Conj/Tloc      14%        3d8       16%         2


Dungeon Overview and Level Annotations

Branches:
Dungeon (6/15)              Sewer (visited)
 Temple: D:4-7

Altars:
Hepliaklqana
Kikubaaqudgha
Okawaru
Uskayaw

Shops:
D:2 (


Innate Abilities, Weirdness & Mutations

You are immune to poison.
Your flesh is cold resistant. (rC+)
You are immune to negative energy. (rN+++)
You are immune to unholy pain and torment.
You are vulnerable to heat. (rF-)
You are in touch with the powers of death.
You do not drink.
You have a special connection with the divine. (Faith)


Message History

The sky beast hits you but does no damage.
The jelly hits your gnoll zombie.
Your gnoll zombie is destroyed!
The iguana bites your gnoll zombie!
Your gnoll zombie is destroyed!
Unknown command.
Casting: Vampiric Draining (safe; 1% risk of failure)
Confirm with . or Enter, or press ? or * to list all spells.
You don't have enough magic to cast this spell.
Casting: Vampiric Draining (safe; 1% risk of failure)
Confirm with . or Enter, or press ? or * to list all spells.
You don't have enough magic to cast this spell.
Casting: Vampiric Draining (safe; 1% risk of failure)
Confirm with . or Enter, or press ? or * to list all spells.
Aiming: Necrotise (safe; 1% risk of failure)
Press: ? - help, Shift-Dir - straight line, f - manticore
Aim: a manticore (almost dead, paralysed, chance to affect: 93%)
You feel a surge of power!
The manticore barely resists.
The ufetubus closely misses you. The ufetubus hits you.
* * * LOW HITPOINT WARNING * * *
The adder bites you.
* * * LOW HITPOINT WARNING * * *
The sky beast hits you but does no damage.
The ufetubus completely misses you. The ufetubus hits you.
* * * LOW HITPOINT WARNING * * *
Casting: Necrotise (safe; 1% risk of failure)
Confirm with . or Enter, or press ? or * to list all spells.
Aiming: Necrotise (safe; 1% risk of failure)
Press: ? - help, Shift-Dir - straight line, f/p - manticore
Aim: a manticore (almost dead, paralysed, chance to affect: 93%)
You feel a surge of power!
The manticore writhes in agony.
You kill the manticore!
That felt strangely unrewarding.
The dead are flying!
The adder barely misses you. The ufetubus barely misses you. x2
A bullfrog comes into view.
The adder bites you.
* * * LOW HITPOINT WARNING * * *
The iguana bites you.
You die...
Kikubaaqudgha rasps: "You have failed me!
Welcome... oblivion!"

### ###.## ##....# . #.....#
## .. #.Z..###.#...
#..c..#......
######..#.YF.....#
#....).###@lJ....##
##......###S5O.....##
##.......#.#oo.......## # .
...........loo........#.#...
#...................#.....#
##...........#.....F....#
#...........##.........##
####..........##..##......#
.#.............#....#......#


You could see a sky beast (ally target), an ogre, 2 bullfrogs, a centaur
(paralysed), 2 iguanas, a jelly, an orc priest, an orc wizard, an adder, 2 orcs,
an ufetubus and a friendly manticore skeleton.

Vanquished Creatures
  A manticore (D:6)
  Prince Ribbit (D:5)
  A sky beast (D:6)
  An ice beast (D:6)
  A phantom (D:5)
  A kobold brigand (Sewer)
  3 scorpions
  2 hounds
  A gnoll bouda (D:6)
  Terence (D:2)
  3 iguanas
  7 gnolls
  6 river rats
  8 adders
  An ufetubus (D:5)
  A worm (D:2)
  4 dart slugs
  3 ball pythons
  2 endoplasms
  3 giant cockroaches
  2 goblins
  7 hobgoblins
  3 quokkas
  4 bats
  A frilled lizard (D:2)
  14 kobolds
  17 rats
99 creatures vanquished.

Vanquished Creatures (collateral kills)
  4 adders
  A river rat (D:3)
  A ball python (D:2)
  A giant cockroach (D:3)
  A frilled lizard (Sewer)
  7 rats (Sewer)
15 creatures vanquished.

Vanquished Creatures (others)
  A scorpion zombie (D:6)
  An ice beast zombie (D:6)
  An adder zombie (D:5)
  4 gnoll zombies (D:6)
  2 rat zombies (Sewer)
9 creatures vanquished.

Grand Total: 123 creatures vanquished

Notes
Turn   | Place    | Note
-------+----------+-------------------------------------------
     0 | D:1      | Moral the Mummy Necromancer began the quest for the Orb.
     0 | D:1      | Reached XP level 1. HP: 13/13 MP: 4/4
   210 | D:1      | Reached skill level 3 in Spellcasting
   295 | D:1      | Reached XP level 2. HP: 14/19 MP: 4/6
  1249 | D:2      | Gained mutation: You are in touch with the powers of death.
                  | [Mummy growth]
  1249 | D:2      | Reached XP level 3. HP: 18/24 MP: 1/8
  1463 | D:2      | Noticed Terence
  1469 | D:2      | Killed Terence
  1470 | D:2      | Reached skill level 4 in Spellcasting
  1929 | D:2      | Found Ruosunk's Weapon Shop.
  2097 | D:2      | Reached XP level 4. HP: 23/30 MP: 5/10
  2109 | D:2      | Reached skill level 5 in Necromancy
  2123 | D:2      | Learned a level 3 spell: Vampiric Draining
  2688 | D:3      | Reached XP level 5. HP: 13/35 MP: 1/12
  2691 | D:3      | Found a glowing drain.
  2701 | Sewer    | Entered a sewer
  2881 | Sewer    | Learned a level 4 spell: Animate Dead
  2904 | Sewer    | Reached skill level 5 in Spellcasting
  3174 | Sewer    | Reached XP level 6. HP: 23/41 MP: 0/14
  3549 | D:3      | Found a hazy altar of Hepliaklqana.
  3611 | D:3      | Found an ancient bone altar of Kikubaaqudgha.
  3614 | D:3      | Found an iron altar of Okawaru.
  3617 | D:3      | Found a hide-covered altar of Uskayaw.
  3630 | D:3      | Reached skill level 6 in Spellcasting
  3981 | D:3      | Became a worshipper of Kikubaaqudgha
  4058 | D:3      | You fall into a shaft and drop 3 floors!
  4068 | D:6      | Noticed an ice beast
  4078 | D:5      | Entered Level 5 of the Dungeon
  4189 | D:5      | Noticed Prince Ribbit
  4214 | D:5      | Killed Prince Ribbit
  4215 | D:5      | Reached skill level 7 in Spellcasting
  4215 | D:5      | Reached XP level 7. HP: 26/46 MP: 1/17
  5360 | D:5      | Learned a level 5 spell: Agony
  5746 | D:5      | Upgraded the game from 0.31-a0-174-g85c54bcb58 to
                  | 0.31-a0-175-g9f7f995f2b
  5771 | D:6      | Reached skill level 8 in Spellcasting
  5771 | D:6      | Reached skill level 1 in Evocations
  5792 | D:6      | HP: 2/46 [gnoll/+0 spear[a gnoll bouda] (6)]
  6066 | D:6      | Reached XP level 8. HP: 43/52 MP: 4/20
  6214 | D:6      | Reached * piety under Kikubaaqudgha
  6214 | D:6      | Received a gift from Kikubaaqudgha
  6222 | D:6      | Slain by an iguana

Illustrated notes

Levels and vault maps discovered:
D:1:      dpeg_arrival_leaves_temple_mockup, layout_loops_corners,
          grunt_decor_mini_mirrors, nicolae_concentric_dashed_squares_wild,
          columned_hall_lemuel, minmay_misc_feat_doors,
          hangedman_abyss_or_decor_lesser_grid
D:2:      layout_loops_corners, serial_shops, shop, uniq_terence
D:3:      layout_loops_ring, mainiacjoe_overflow_two_lobes,
          grunt_temple_overflow_cloverleaf, portal_sewer_entry_e, minmay_puff,
          uniq_ijyb
D:5:      layout_loops_cross, uniq_prince_ribbit1
D:6:      layout_cave_pools, corexii_checkpoint_a, minmay_increasing_density

Skill      XL: |  1  2  3  4  5  6  7 |
---------------+----------------------+-----
Spellcasting   | 3 4 5 7 8 |  8.5
Necromancy     | 5 6 7 |  7.9
Evocations     | 1 |  1.6
Dodging        | |  1.5
Stealth        | |  1.5

Action                     |  1- 3 |  4- 6 |  7- 9 || total
---------------------------+-------+-------+-------++-------
  Melee: Unarmed           |     4 |       |       ||     4
         Dagger            |     7 |    31 |    33 ||    71
         Punch             |       |       |     1 ||     1
   Cast: Necrotise         |    57 |    83 |    37 ||   177
         Vampiric Draining |       |    12 |     9 ||    21
         Animate Dead      |       |     5 |     3 ||     8
         Agony             |       |       |     2 ||     2
 Invoke: Unearth Wretches  |       |       |     1 ||     1
    Use: Scroll            |     2 |     2 |     3 ||     7
   Stab: Sleeping          |       |     1 |       ||     1
 Armour: Robe              |     9 |    22 |    19 ||    50
  Dodge: Dodged            |    31 |    70 |    75 ||   176

Table legend: (Time is in decaauts)
 A = Elapsed time spent in this place.
 B = Non-inter-level travel time spent in this place.
 C = Inter-level travel time spent in this place.
 D = Time resting spent in this place.
 E = Time spent auto-exploring this place.
 F = Levels seen in this place.
 G = Mean time per level.
                   A        B        C        D        E       F      G
               +--------+--------+--------+--------+--------+-----+--------+
         Total |   6233 |   6149 |     84 |   1656 |   3543 |   6 | 1038.8 |
       Dungeon |   5468 |   5384 |     84 |   1319 |   3344 |   5 | 1093.6 |
         Sewer |    764 |    764 |      0 |    337 |    199 |   1 |  764.0 |
               +--------+--------+--------+--------+--------+-----+--------+

Top non-repeatable levels by time:
     D:5: 1932 daAuts
     D:2: 1429 daAuts
     D:1: 1145 daAuts
   Sewer: 764 daAuts
     D:3: 728 daAuts
     D:6: 232 daAuts
